 Dungeon Crawl Stone Soup version 0.28-a0-730-g892d06dc2c (webtiles) character file.

Game seed: 1913503813960752820

653 ytrimaz the Poker (level 7, -5/52 HPs)
             Began as a Demonspawn Gladiator on Oct 28, 2021.
             Slain by an iguana (8 damage)
             ... on level 4 of the Dungeon.
             The game lasted 00:05:00 (4489 turns).

ytrimaz the Poker (Demonspawn Gladiator)            Turns: 4489, Time: 00:05:01

Health: -5/52      AC: 21    Str: 16    XL:     7   Next: 28%
Magic:  7/7        EV:  7    Int: 10    God:
Gold:   156        SH:  4    Dex: 14    Spells: 6/6 levels left

rFire   . . .      SeeInvis .   a - +0 trident
rCold   . . .      Faith    .   b - +0 buckler
rNeg    . . .      Spirit   .   f - +0 chain mail
rPois   .          Reflect  .   e - +1 helmet
rElec   .          Harm     .   (no cloak)
rCorr   .          Rampage  .   j - +0 pair of gloves
Will    .....                   (no boots)
Stlth   ..........              (no amulet)
HPRegen 0.17/turn               (no ring)
MPRegen 0.10/turn               (no ring)

@: sanguine armoured
A: sanguine armour 2, demonic touch 1
a: no special abilities


You were on level 4 of the Dungeon.
You visited 1 branch of the dungeon, and saw 4 of its levels.

You collected 156 gold pieces.

Inventory:

Hand Weapons
 a - a +0 trident (weapon)
Missiles
 d - a throwing net (quivered)
Armour
 b - a +0 buckler (worn)
 e - a +1 helmet (worn)
 f - a +0 chain mail (worn)
 j - a +0 pair of gloves (worn)
Scrolls
 c - a scroll of noise {unknown}
Potions
 g - 3 potions of brilliance


   Skills:
 + Level 3.4 Fighting
 + Level 5.4 Polearms
 - Level 1.7 Throwing
 + Level 2.9 Armour
 - Level 3.1 Dodging
 * Level 2.8 Shields


You had 6 spell levels left.
You didn't know any spells.
Your spell library was empty.

Dungeon Overview and Level Annotations

Branches:
Dungeon (4/15)
 Temple: D:4-7

Altars:
Fedhas

Shops:
D:2 *

Annotations:
D:3 1 runed translucent door, Crazy Yiuf
D:4 1 transporter, Blork the orc


Innate Abilities, Weirdness & Mutations

When seriously injured, your bleeding wounds create thick armour. (AC +9)
Your touch may inflict minor irresistible damage on your foes.


Message History

Okay, then.
You block Blork the orc's attack. x2
Blork the orc gestures at you while chanting.
You block the puff of frost. Blork the orc casts a spell at you.
The magic dart hits you but does no damage.
You hit the iguana.
The iguana is moderately wounded.
The iguana bites you but does no damage.
You hit the iguana.
The iguana is moderately wounded.
The iguana bites you but does no damage.
You barely miss the iguana.
The iguana is moderately wounded.
The iguana bites you but does no damage.
Blork the orc looks encouraged for a moment.
You barely miss the iguana.
The iguana is moderately wounded.
The iguana bites you but does no damage.
You closely miss the iguana.
The iguana is moderately wounded.
Blork the orc screams, "I'll cover the dungeon with your blood!"
The iguana bites you!
* * * LOW HITPOINT WARNING * * *
You closely miss the iguana.
The iguana is moderately wounded.
The iguana bites you but does no damage.
Your shield and chain mail prevent you from hitting the iguana.
The iguana is moderately wounded.
The iguana bites you but does no damage.
You closely miss the iguana.
The iguana is moderately wounded.
The iguana bites you but does no damage.
You hit the iguana.
The iguana is severely wounded.
The iguana bites you but does no damage.
You completely miss the iguana.
The iguana is severely wounded.
The iguana bites you!
You die...

### ##.## ##.#.##
##.###.######### ######.##
##........# #.ol@.## ##.#####.#
#######.####.## ##.## #.#
#####.......###...###..######.#
#.......###.##..l..#.......##.#
#.#####.....###...#.##.###.##.#
#.# #..##)# ##.#####.# #.##.#
#.# #..##.# #.# #.###.##.# #.#
#.....# #)# #........#
#.#####.....# ##'## #####.####


You could see Blork the orc (fast) and an iguana.

Vanquished Creatures
  Sigmund (D:3)
  Menkaure (D:4)
  An ogre (D:4)
  A scorpion (D:4)
  An orc priest (D:4)
  Natasha (thrice) (D:2)
  2 adders (D:3)
  2 dart slugs
  3 orcs (D:4)
  15 ball pythons
  12 bats
  9 endoplasms
  4 giant cockroaches
  6 goblins
  7 hobgoblins
  9 jackals
  8 kobolds
  3 quokkas
  3 frilled lizards
  9 rats
100 creatures vanquished.

Notes
Turn   | Place    | Note
-------+----------+-------------------------------------------
     0 | D:1      | ytrimaz the Demonspawn Gladiator began the quest for the
                  | Orb.
     0 | D:1      | Reached XP level 1. HP: 16/16 MP: 1/1
   141 | D:1      | Reached skill level 3 in Polearms
   141 | D:1      | Gained mutation: When seriously injured, your bleeding
                  | wounds create armour. (AC +9) [demonic ancestry]
   141 | D:1      | Reached XP level 2. HP: 22/22 MP: 2/2
   724 | D:1      | Reached XP level 3. HP: 22/27 MP: 3/3
  1537 | D:2      | Found Unodel's General Store.
  1609 | D:2      | Noticed Natasha
  1614 | D:2      | Killed Natasha
  1615 | D:2      | Reached skill level 1 in Shields
  1615 | D:2      | Reached XP level 4. HP: 29/33 MP: 4/4
  1895 | D:2      | Noticed Natasha
  1909 | D:2      | Killed Natasha
  1910 | D:2      | Reached skill level 1 in Armour
  2112 | D:2      | Found a blossoming altar of Fedhas.
  2135 | D:2      | Found a faded altar of an unknown god.
  2644 | D:2      | Noticed Natasha
  2654 | D:2      | Killed Natasha
  2655 | D:2      | Reached skill level 4 in Polearms
  2655 | D:2      | Gained mutation: Your touch may inflict minor irresistible
                  | damage on your foes. [demonic ancestry]
  2655 | D:2      | Reached XP level 5. HP: 22/39 MP: 5/5
  3014 | D:3      | Noticed Sigmund
  3032 | D:3      | Killed Sigmund
  3033 | D:3      | Reached XP level 6. HP: 40/46 MP: 2/6
  3309 | D:3      | Found a runed translucent door.
  3310 | D:3      | Noticed Crazy Yiuf
  3627 | D:4      | Noticed Menkaure
  3635 | D:4      | Killed Menkaure
  3636 | D:4      | Reached skill level 5 in Polearms
  4052 | D:4      | Found a transporter.
  4117 | D:4      | Gained mutation: When seriously injured, your bleeding
                  | wounds create thick armour. (AC +9) [demonic ancestry]
  4117 | D:4      | Reached XP level 7. HP: 24/52 MP: 7/7
  4432 | D:4      | Noticed Blork the orc
  4489 | D:4      | Slain by an iguana

Illustrated notes

Levels and vault maps discovered:
D:1:      dpeg_arrival_windows_large_door, layout_basic
D:2:      minmay_chambers_of_twos, layout_loops_ring, serial_shops,
          nicolae_shop_waterfront, basic_altar, basic_ecumenical_altar,
          grunt_ministairs_11, uniq_natasha
D:3:      layout_loops_ring, minmay_misc_feat_five, minmay_surrounded,
          uniq_crazy_yiuf_cottage, uniq_sigmund
D:4:      gammafunk_wand_slinger, layout_loops_corners, uniq_menkaure,
          uniq_pikel, uniq_blork_the_orc

Skill      XL: |  1  2  3  4  5  6 |
---------------+-------------------+-----
Polearms       | 3 4 5 |  5.4
Dodging        | 3 |  3.1
Shields        | 1 2 |  2.8
Armour         | 1 2 |  2.9
Fighting       | 3 |  3.4
Throwing       | |  1.7

Action                   |  1- 3 |  4- 6 |  7- 9 || total
-------------------------+-------+-------+-------++-------
Melee: Trident           |   104 |   208 |    49 ||   361
Throw: Throwing net      |     3 |     1 |       ||     4
  Use: Scroll            |     3 |       |       ||     3
       Potion            |       |     2 |     2 ||     4
Armor: Leather armour    |     9 |       |       ||     9
       Chain mail        |    57 |   120 |    43 ||   220
Dodge: Dodged            |    41 |    52 |    20 ||   113
Block: Buckler           |    10 |    31 |    13 ||    54

Table legend: (Time is in decaauts)
 A = Elapsed time spent in this place.
 B = Non-inter-level travel time spent in this place.
 C = Inter-level travel time spent in this place.
 D = Time resting spent in this place.
 E = Time spent auto-exploring this place.
 F = Levels seen in this place.
 G = Mean time per level.
                   A        B        C        D        E       F      G
               +--------+--------+--------+--------+--------+-----+--------+
         Total |   4540 |   4360 |    180 |    322 |   3223 |   4 | 1135.0 |
       Dungeon |   4540 |   4360 |    180 |    322 |   3223 |   4 | 1135.0 |
               +--------+--------+--------+--------+--------+-----+--------+

Top non-repeatable levels by time:
     D:2: 1620 daAuts
     D:1: 1236 daAuts
     D:4: 866 daAuts
     D:3: 817 daAuts
